 Dungeon Crawl Stone Soup version 0.28-a0-1190-g77e1c55843 (webtiles) character file.

Game seed: 12835852016469083807

356 Gwenloh the Sneak (level 6, -2/38 HPs)
             Began as a Kobold Brigand on Dec 18, 2021.
             Slain by an orc priest (8 damage)
             ... on level 3 of the Dungeon.
             The game lasted 00:10:43 (3761 turns).

Gwenloh the Sneak (Kobold Brigand)                  Turns: 3761, Time: 00:10:44

Health: -2/38      AC:  4    Str:  9    XL:     6   Next: 96%
Magic:  6/6        EV: 16    Int: 12    God:
Gold:   120        SH:  0    Dex: 18    Spells: 5/5 levels left

rFire   . . .      SeeInvis .   g - +0 dagger (drain)
rCold   . . .      Faith    .   (shield restricted)
rNeg    . . .      Spirit   .   b - +0 robe
rPois   .          Reflect  .   (no helmet)
rElec   .          Harm     .   c - +0 cloak
rCorr   .          Rampage  .   (no gloves)
Will    .....                   o - +0 pair of boots
Stlth   +++++.....              (no amulet)
HPRegen 0.12/turn               (no ring)
MPRegen 0.10/turn               (no ring)

@: no status effects
A: small, no large weapons, nightstalker 3
a: no special abilities


You were on level 3 of the Dungeon.
You visited 1 branch of the dungeon, and saw 3 of its levels.

You collected 120 gold pieces.

Inventory:

Hand Weapons
 a - a +2 dagger
 g - a +0 dagger of draining (weapon)
Missiles
 d - 3 poisoned darts (quivered)
 e - 2 curare-tipped darts
 j - 3 datura-tipped darts
Armour
 b - a +0 robe (worn)
 c - a +0 cloak (worn)
 o - a +0 pair of boots (worn)
Jewellery
 m - an amulet of regeneration
 n - a ring of positive energy
Scrolls
 h - a scroll of immolation
 i - a scroll of torment {unknown}
 k - 2 scrolls of blinking
 s - a scroll of amnesia {unknown}
 t - a scroll of enchant weapon {unknown}
 u - a scroll of identify
Potions
 f - 2 potions of curing
 l - a potion of attraction {unknown}
 p - a potion of cancellation {unknown}
 q - a potion of brilliance {unknown}
 r - 2 potions of lignification {unknown}


   Skills:
 + Level 4.2 Fighting
 + Level 5.0 Short Blades
 - Level 2.1 Throwing
 + Level 3.9 Dodging
 + Level 7.1 Stealth


You had 5 spell levels left.
You didn't know any spells.
Your spell library contained the following spells:

 Spells                   Type           Power      Damage    Failure   Level
 Beastly Appendage        Tmut           0%         N/A       32%         1
 Wereblood                Tmut           0%         N/A       45%         2
 Spider Form              Tmut/Pois      0%         N/A       69%         3


Dungeon Overview and Level Annotations

Branches:
Dungeon (3/15)

Altars:
Ru
Yredelemnul


Innate Abilities, Weirdness & Mutations

You are small and have problems with some larger weapons.
You are completely attuned to the shadows.


Message History

You throw a poisoned dart.
The poisoned dart barely misses the orc priest.
You throw a poisoned dart. The poisoned dart hits the orc priest.
The orc priest mumbles some strange prayers to Beogh against you.
Pain shoots through your body!
You throw a poisoned dart. The poisoned dart hits the orc priest.
The orc priest is poisoned.
You throw a poisoned dart. The poisoned dart hits the orc priest.
The orc priest looks even sicker.
You hit the orc priest but do no damage.
The orc priest hits you with a +0 flail!
You hit the orc priest but do no damage.
The orc priest is lightly wounded.
The orc priest calls down the wrath of Beogh upon you.
Beogh smites you!
* * * LOW HITPOINT WARNING * * *
You hit the orc priest but do no damage.
The orc priest is lightly wounded.
The orc priest misses you.
Unknown command.
You hit the orc priest but do no damage.
You drain the orc priest.
The orc priest is moderately wounded.
You hit the orc priest.
The orc priest is heavily wounded.
The orc priest misses you.
You hit the orc priest but do no damage.
The orc priest is heavily wounded.
The orc priest misses you.
You barely miss the orc priest.
The orc priest is heavily wounded.
The orc priest looks braver for a moment.
Okay, then.
You hit the orc priest but do no damage.
You drain the orc priest.
The orc priest is almost dead.
You hit the orc priest but do no damage.
The orc priest is almost dead.
The orc priest hits you with a +0 flail!
You die...

#####...#............... ...
#...#...#.#.#.####[####.
#####... #...#...###.#.# #.#
#. ....... '.......#
#.#.####.# #.
#)...#####.......# #.#.#....#
#. ...(.'...#.......#
#.#.#....# #.
.....###o#......[# #.#.#....#
#. ........o..<#...)#
#.#.#)...# #.
..##.#.#.####.(o@# #........#
#. ..
#.#.#.####....###...##'#.# #.
. #.....##.(..........#....#
#.
#......#.#.##.####..##########
#........#'##.......).........
#...........##################
#............†.....)..........
.#..........#######)..#......
#.......÷..# #...#......


You could see an orc priest (poisoned, drained).

Vanquished Creatures
  Sigmund (D:3)
  An orc priest (D:3)
  An orc wizard (D:3)
  3 adders (D:2)
  An ufetubus (D:3)
  A worm (D:2)
  2 dart slugs
  12 orcs
  8 ball pythons
  6 bats
  8 endoplasms
  4 giant cockroaches
  4 goblins
  8 hobgoblins
  8 jackals
  6 quokkas
  5 frilled lizards
  5 kobolds
  7 rats
91 creatures vanquished.

Notes
Turn   | Place    | Note
-------+----------+-------------------------------------------
     0 | D:1      | Gwenloh the Kobold Brigand began the quest for the Orb.
     0 | D:1      | Reached XP level 1. HP: 12/12 MP: 1/1
     7 | D:1      | Noticed an iguana
     7 | D:1      | Noticed a water moccasin
     7 | D:1      | Noticed a rime drake
    31 | D:1      | Noticed a polar bear
   107 | D:1      | Reached XP level 2. HP: 10/18 MP: 2/2
   494 | D:1      | Reached XP level 3. HP: 21/21 MP: 3/3
  1167 | D:2      | Reached XP level 4. HP: 27/27 MP: 4/4
  1304 | D:2      | Reached skill level 6 in Stealth
  2299 | D:3      | Noticed Sigmund
  2303 | D:3      | Killed Sigmund
  2304 | D:3      | Reached XP level 5. HP: 33/33 MP: 5/5
  2304 | D:3      | Reached XP level 6. HP: 38/38 MP: 6/6
  2941 | D:3      | Found a sacrificial altar of Ru.
  2946 | D:3      | Found a basalt altar of Yredelemnul.
  2991 | D:3      | Found a faded altar of an unknown god.
  3231 | D:3      | Reached skill level 7 in Stealth
  3749 | D:3      | Reached skill level 5 in Short Blades
  3761 | D:3      | Slain by an orc priest

Illustrated notes

Levels and vault maps discovered:
D:1:      onia_arrival_zoo_common, layout_rooms, minmay_bisected
D:2:      layout_loops_corners, minmay_close_crescents
D:3:      layout_basic, minitemple,
          hellmonk_ecumenical_altar_pennies_from_heaven, uniq_sigmund

Skill      XL: |  1  2  3  4  5  6 |
---------------+-------------------+-----
Short Blades   | 3 4 5 |  5.0
Dodging        | 2 3 |  3.9
Fighting       | 3 4 |  4.2
Stealth        | 6 7 |  7.1
Throwing       | |  2.1

Action                   |  1- 3 |  4- 6 || total
-------------------------+-------+-------++-------
Melee: Dagger            |    76 |   202 ||   278
Throw: Dart              |    10 |    15 ||    25
  Use: Scroll            |       |     4 ||     4
 Stab: Sleeping          |    11 |    19 ||    30
       Distracted        |     1 |     2 ||     3
Armor: Robe              |    15 |    23 ||    38
Dodge: Dodged            |    48 |   132 ||   180

Table legend: (Time is in decaauts)
 A = Elapsed time spent in this place.
 B = Non-inter-level travel time spent in this place.
 C = Inter-level travel time spent in this place.
 D = Time resting spent in this place.
 E = Time spent auto-exploring this place.
 F = Levels seen in this place.
 G = Mean time per level.
                   A        B        C        D        E       F      G
               +--------+--------+--------+--------+--------+-----+--------+
         Total |   3703 |   3559 |    144 |    601 |   2171 |   3 | 1234.3 |
       Dungeon |   3703 |   3559 |    144 |    601 |   2171 |   3 | 1234.3 |
               +--------+--------+--------+--------+--------+-----+--------+

Top non-repeatable levels by time:
     D:2: 1492 daAuts
     D:3: 1303 daAuts
     D:1: 907 daAuts
